 Dungeon Crawl Stone Soup version 0.31-a0-221-gbddc013574 (webtiles) character file.

Game seed: 2957988382798421582

4 Anon1729 the Trooper (level 1, -3/18 HPs)
             Began as a Mummy Monk on July 4, 2023.
             Killed from afar by a dart slug (5 damage)
             ... with a slug dart
             ... on level 1 of the Dungeon.
             The game lasted 00:00:10 (158 turns).

Anon1729 the Trooper (Mummy Monk)                    Turns: 158, Time: 00:00:11

Health: -3/18      AC:  2    Str: 14    XL:     1   Next: 50%
Magic:  1/1        EV: 12    Int:  9    God:
Gold:   23         SH:  0    Dex: 14    Spells: 0/0 levels left

rFire   x . .        a - +0 falchion
rCold   + . .        c - orb {light}
rNeg    + + +        b - +0 robe
rPois   ∞            (no helmet)
rElec   .            (no cloak)
rCorr   .            (no gloves)
SInv    .            (no boots)
Will    .....        (no amulet)
Stlth   +            (no ring)
HPRegen 0.23/turn    (no ring)
MPRegen 0.07/turn

%: faith
@: glowing
A: cold resistance 1, negative energy resistance 3, torment resistance 2, heat
vulnerability 1, no potions, faith
a: no special abilities


You were on level 1 of the Dungeon.
You visited 1 branch of the dungeon, and saw 1 of its levels.

You collected 23 gold pieces.

Inventory:

Hand Weapons
 a - a +0 falchion (weapon)
Armour
 b - a +0 robe (worn)
 c - an orb of light (worn)
Scrolls
 d - a scroll of identify {unknown}


   Skills:
 + Level 3.0 Fighting
 * Level 2.5 Long Blades
 + Level 0.1 Armour
 + Level 2.4 Dodging


You couldn't memorise any spells.
You didn't know any spells.
Your spell library was empty.

Dungeon Overview and Level Annotations

Branches:
Dungeon (1/15)

Altars:


Innate Abilities, Weirdness & Mutations

You are immune to poison.
Your flesh is cold resistant. (rC+)
You are immune to negative energy. (rN+++)
You are immune to unholy pain and torment.
You are vulnerable to heat. (rF-)
You do not drink.
You have a special connection with the divine. (Faith)


Message History

The kobold is severely wounded.
The kobold misses you.
You hit the kobold.
You kill the kobold!
You hit the quokka.
The quokka is lightly wounded.
The quokka closely misses you. The quokka barely misses you.
You hit the quokka.
The quokka is heavily wounded.
The quokka bites you. The dart slug launches a dart at you.
The slug dart misses you.
You hit the quokka but do no damage.
The quokka is heavily wounded.
The quokka closely misses you. x2
You barely miss the quokka.
The quokka is heavily wounded.
The quokka closely misses you. The dart slug launches a dart at you.
The slug dart misses you.
You hit the quokka but do no damage.
The quokka is heavily wounded.
The quokka barely misses you. x2
You closely miss the quokka.
The quokka is heavily wounded.
The quokka bites you.
* * * LOW HITPOINT WARNING * * *
You hit the quokka.
The quokka is severely wounded.
The quokka bites you.
* * * LOW HITPOINT WARNING * * *
The dart slug bites you but does no damage.
The quokka barely misses you.
You barely miss the quokka.
The quokka is severely wounded.
The quokka bites you.
* * * LOW HITPOINT WARNING * * *
The dart slug launches a dart at you. The slug dart hits you.
You die...

#.#.. #.#..
#.#.. #.#.#
#.#.# #
####.#.# #.
####....#r###.#
#.
........@.....#
#.
####....#w#####
#. #....#.# #.
#....#.# ...
#....#.. ...
#....#.. .#.
####.#.## ..
#.#.# ... #.#.#
..


You could see a dart slug and a quokka.

Vanquished Creatures
  A goblin (D:1)
  A frilled lizard (D:1)
  2 kobolds (D:1)
4 creatures vanquished.

Notes
Turn   | Place    | Note
-------+----------+-------------------------------------------
     0 | D:1      | Anon1729 the Mummy Monk began the quest for the Orb.
     0 | D:1      | Reached XP level 1. HP: 18/18 MP: 1/1
   158 | D:1      | Killed from afar by a dart slug

Illustrated notes

Levels and vault maps discovered:
D:1:      grunt_arrival_lava_bath, layout_basic, nrook_mini_backslash,
          minmay_split_cup_small

Action                     || total
---------------------------++-------
  Melee: Falchion          ||    20
 Armour: Robe              ||     1
  Dodge: Dodged            ||    16

Table legend: (Time is in decaauts)
 A = Elapsed time spent in this place.
 B = Non-inter-level travel time spent in this place.
 C = Inter-level travel time spent in this place.
 D = Time resting spent in this place.
 E = Time spent auto-exploring this place.
 F = Levels seen in this place.
 G = Mean time per level.
                   A        B        C        D        E       F      G
               +--------+--------+--------+--------+--------+-----+--------+
         Total |    161 |    161 |      0 |      0 |    128 |   1 |  161.0 |
       Dungeon |    161 |    161 |      0 |      0 |    128 |   1 |  161.0 |
               +--------+--------+--------+--------+--------+-----+--------+

Top non-repeatable levels by time:
     D:1: 161 daAuts
